 Dungeon Crawl Stone Soup version 0.28-b1-70-g80dc712255 (webtiles) character file.

Game seed: 5488619566075573936

394 zeram the Covert (level 6, 0/39 HPs)
             Began as an Octopode Brigand on Feb 4, 2022.
             Slain by a sky beast (5 damage)
             ... on level 6 of the Dungeon.
             The game lasted 00:05:02 (3855 turns).

zeram the Covert (Octopode Brigand)                 Turns: 3855, Time: 00:05:02

Health: 0/39       AC:  1    Str: 10    XL:     6   Next: 81%
Magic:  6/6        EV: 13    Int: 16    God:
Gold:   171        SH:  0    Dex: 13    Spells: 5/5 levels left

rFire   . . .      SeeInvis .   a - +2 dagger (vorpal)
rCold   . . .      Faith    .   (no shield)
rNeg    . . .      Spirit   .   (helmet restricted)
rPois   .          Reflect  .   (no amulet)
rElec   .          Harm     .   (no ring)
rCorr   .          Rampage  .   (no ring)
Will    .....                   (no ring)
Stlth   +++++.....              (no ring)
HPRegen 0.13/turn               (no ring)
MPRegen 0.10/turn               (no ring)
                                (no ring)
                                (no ring)

@: hasted, very quick
A: almost no armour, amphibious, 8 rings, camouflage 1, gelatinous body 1,
(nimble swimmer 1), tentacles
a: no special abilities


You were on level 6 of the Dungeon.
You visited 1 branch of the dungeon, and saw 5 of its levels.

You collected 171 gold pieces.

Inventory:

Hand Weapons
 a - a +2 vorpal dagger (weapon)
Missiles
 b - 17 poisoned darts (quivered)
 c - 2 curare-tipped darts
Armour
 f - an orb of wrath
Wands
 l - a wand of digging (12)
 t - a wand of mindburst (18)
Scrolls
 q - a scroll of enchant armour
Potions
 d - a potion of brilliance
 e - a potion of flight {unknown}
 g - a potion of berserk rage {unknown}
 h - 2 potions of heal wounds
 i - 2 potions of curing {unknown}
 j - 2 potions of haste
 k - a potion of might {unknown}
 m - a potion of magic {unknown}
 o - a potion of invisibility {unknown}
 s - a potion of mutation {unknown}


   Skills:
 - Level 2.2 Fighting
 + Level 4.1 Short Blades
 - Level 2.1 Throwing
 + Level 2.1 Dodging
 + Level 9.1 Stealth


You had 5 spell levels left.
You didn't know any spells.
Your spell library contained the following spells:

 Spells                   Type           Power      Damage    Failure   Level
 Magic Dart               Conj           0%         1d3       26%         1
 Call Imp                 Summ           0%         N/A       36%         2
 Mephitic Cloud           Conj/Pois/Air  0%         N/A       58%         3
 Portal Projectile        Hex/Tloc       0%         N/A       58%         3
 Blade Hands              Tmut           0%         N/A       100%        5
 Excruciating Wounds      Necr           0%         N/A       100%        5


Dungeon Overview and Level Annotations

Branches:
Dungeon (4/15)
 Temple: D:4-7

Altars:
Hepliaklqana
Uskayaw


Innate Abilities, Weirdness & Mutations

You cannot wear most types of armour.
You are amphibious.
You can wear up to eight rings at the same time.
Your skin changes colour to match your surroundings (Stealth+).
Your rubbery body absorbs attacks. (AC +1, EV +1)
((You are camouflaged when in or above water. (Stealth+)))
You have tentacles for arms and can constrict up to eight enemies at once.


Message History

You hit the necrophage. Your grab misses the necrophage.
The necrophage is lightly damaged.
You closely miss the necrophage. You grab the necrophage.
The necrophage is lightly damaged.
You constrict the necrophage, but do no damage.
The sky beast hits you. The sky beast shocks you.
The necrophage closely misses you.
You hit the necrophage.
The necrophage is moderately damaged.
You constrict the necrophage, but do no damage.
The necrophage barely misses you. The sky beast hits you.
The sky beast shocks you.
* * * LOW HITPOINT WARNING * * *
You hit the necrophage.
The necrophage is heavily damaged.
You constrict the necrophage, but do no damage.
You hit the necrophage.
The necrophage is heavily damaged.
You constrict the necrophage. The sky beast hits you.
* * * LOW HITPOINT WARNING * * *
The sky beast shocks you.
* * * LOW HITPOINT WARNING * * *
The necrophage misses you.
You release your grip on the necrophage.
Found a short sword.
Really wriggle into that teleport trap? [Y]es or [N]o only, please.
Really wriggle into that teleport trap?
You enter a teleport trap!
The teleport trap disappears.
Your surroundings suddenly seem different.
A sky beast comes into view.
Found a runed trident.
Found a stone staircase leading down.
Found 12 gold pieces.
Found a scale mail.
Found an escape hatch in the ceiling.
Found a stone staircase leading up.
Found a dagger and a leather armour.
Found a stone staircase leading up.
The sky beast hits you.
* * * LOW HITPOINT WARNING * * *
The sky beast shocks you.
You die...

#.[...........
........#....
#.......#...#
#......#...##
#..<........
###<........
#.......Y.##
#####......@..##
....#..##...>..#
#...##......##
#....#.....$..#
#......#....[...
#......#........)
##......)........
#..............<
#.##....#......


You could see a sky beast.

Vanquished Creatures
  Sigmund (D:3)
  A necrophage (D:6)
  Robin (D:3)
  5 adders
  A dart slug (D:1)
  9 orcs
  10 endoplasms
  2 giant cockroaches
  13 goblins
  4 hobgoblins
  4 jackals (D:1)
  8 kobolds
  4 quokkas
  3 ball pythons
  5 bats (D:1)
  5 frilled lizards
  3 rats
79 creatures vanquished.

Vanquished Creatures (others)
  3 fungi (D:2)
  2 plants (D:2)
5 creatures vanquished.

Grand Total: 84 creatures vanquished

Notes
Turn   | Place    | Note
-------+----------+-------------------------------------------
     0 | D:1      | zeram the Octopode Brigand began the quest for the Orb.
     0 | D:1      | Reached XP level 1. HP: 14/14 MP: 1/1
   122 | D:1      | Reached XP level 2. HP: 2/19 MP: 2/2
   466 | D:1      | Reached skill level 6 in Stealth
   781 | D:1      | Reached XP level 3. HP: 24/24 MP: 3/3
  1347 | D:2      | Reached XP level 4. HP: 29/29 MP: 4/4
  1352 | D:2      | Reached skill level 7 in Stealth
  1534 | D:2      | Found a faded altar of an unknown god.
  2075 | D:3      | Noticed Sigmund
  2082 | D:3      | Killed Sigmund
  2083 | D:3      | Reached skill level 8 in Stealth
  2083 | D:3      | Reached XP level 5. HP: 34/34 MP: 5/5
  2083 | D:3      | Reached XP level 6. HP: 39/39 MP: 6/6
  2193 | D:3      | Noticed Robin
  2212 | D:3      | Killed Robin
  2461 | D:3      | Found a hazy altar of Hepliaklqana.
  2801 | D:3      | Found a hide-covered altar of Uskayaw.
  3828 | D:4      | You fall into a shaft and drop 2 floors!
  3828 | D:6      | Noticed a necrophage
  3828 | D:6      | Noticed a sky beast
  3828 | D:6      | Noticed a necrophage
  3831 | D:6      | Killed a necrophage
  3832 | D:6      | Reached skill level 9 in Stealth
  3850 | D:6      | Noticed a sky beast
  3855 | D:6      | Slain by a sky beast

Illustrated notes

Levels and vault maps discovered:
D:1:      shiori_arrival_maze, layout_basic, minmay_tiny_reverse_x
D:2:      layout_rooms, shapermc_ecumenical_altar_ellora, grunt_ministairs_3,
          minivault_19, chequers_serial_rivers_micro_e, supply_closet_lemuel,
          nicolae_underground_beach
D:3:      layout_loops_ring, mainiacjoe_overflow_brackets,
          nicolae_uskayaw_suspiria, minivault_24, minmay_misc_feat_x,
          kennysheep_generic_room_12, uniq_sigmund, uniq_robin
D:4:      layout_basic, uniq_grinder
D:6:      minmay_inner_zag, layout_cave_pools, slow_altar_1,
          mainiacjoe_overflow_surrounded_room, wad_floor_pattern_1

Skill      XL: |  1  2  3  4  5  6 |
---------------+-------------------+-----
Stealth        | 6 8 9 |  9.1
Short Blades   | 3 4 |  4.1
Dodging        | 2 |  2.1
Fighting       | |  2.2
Throwing       | |  2.1

Action                   |  1- 3 |  4- 6 || total
-------------------------+-------+-------++-------
Melee: Dagger            |    71 |    84 ||   155
       Constrict         |    12 |    20 ||    32
       Tentacles         |    13 |    22 ||    35
       Punch             |     1 |       ||     1
  Use: Scroll            |     4 |     8 ||    12
       Potion            |       |     1 ||     1
 Stab: Sleeping          |    18 |    14 ||    32
Armor: Skin              |     3 |     2 ||     5
Dodge: Dodged            |    31 |    36 ||    67
